 Dungeon Crawl Stone Soup version 0.28.0-45-g0d030f2227 (webtiles) character file.

Game seed: 7385527612695382823

91 4FPSwarrior the Conjurer (level 4, -1/35 HPs)
             Began as a Demigod Conjurer on Apr 19, 2022.
             Succumbed to a kobold brigand's curare-tipped dart
             ... on level 2 of the Dungeon on Apr 20, 2022.
             The game lasted 00:08:34 (2951 turns).

4FPSwarrior the Conjurer (Demigod Conjurer)         Turns: 2951, Time: 00:08:35

Health: -1/35      AC:  3    Str:  8    XL:     4   Next: 11%
Magic:  8/10       EV: 12    Int: 24    God:
Gold:   135        SH:  0    Dex: 12    Spells: 4/7 levels left

rFire   . . .      SeeInvis .   g - +3 dagger
rCold   . . .      Faith    .   (no shield)
rNeg    . . .      Spirit   .   a - +0 robe
rPois   .          Reflect  .   i - +1 hat
rElec   .          Harm     .   (no cloak)
rCorr   .          Rampage  .   (no gloves)
Will    .....                   (no boots)
Stlth   ++........              (no amulet)
HPRegen 0.11/turn               f - ring of flight
MPRegen 0.12/turn               (no ring)

@: lethally poisoned (-1 -> -7), attractive, flying, slowed, very slow
A: high MP 1, forlorn, divine attributes
a: no special abilities


You were on level 2 of the Dungeon.
You visited 1 branch of the dungeon, and saw 3 of its levels.

You collected 161 gold pieces.
You spent 26 gold pieces at shops.

Inventory:

Hand Weapons
 g - a +3 dagger (weapon)
Armour
 a - a +0 robe (worn)
 i - a +1 hat (worn)
Jewellery
 f - a ring of flight (left hand)
Wands
 n - a wand of paralysis (8)
Scrolls
 b - 2 scrolls of identify
 c - a scroll of noise {unknown}
 e - a scroll of fear {unknown}
 h - 2 scrolls of blinking {unknown}
 l - a scroll of enchant weapon {unknown}
 m - a scroll of magic mapping {unknown}
 o - a scroll of enchant armour {unknown}
 p - a scroll of teleportation {unknown}
Potions
 d - a potion of resistance
 j - 2 potions of cancellation


   Skills:
 + Level 1.5 Fighting
 - Level 1.7 Dodging
 - Level 1.7 Stealth
 + Level 2.4 Spellcasting
 * Level 4.5 Conjurations


You had 4 spell levels left.
You knew the following spells:

 Your Spells              Type           Power      Damage    Failure   Level
a - Magic Dart            Conj           96%        1d7       1%          1
b - Searing Ray           Conj           48%        2d6       2%          2

Your spell library contained the following spells:

 Spells                   Type           Power      Damage    Failure   Level
 Animate Skeleton         Necr           4%         N/A       12%         1
 Apportation              Tloc           4%         N/A       12%         1
 Sandblast                Erth           4%         2d4       12%         1
 Summon Small Mammal      Summ           8%         N/A       12%         1
 Dazzling Flash           Conj/Hex       26%        N/A       14%         3
 Stone Arrow              Conj/Erth      26%        3d8       14%         3
 Passwall                 Tmut/Erth      1%         N/A       17%         2
 Fulminant Prism          Conj/Hex       6%         3d7       41%         4
 Iskenderun's Mystic Bla  Conj/Tloc      13%        2d5       41%         4


Dungeon Overview and Level Annotations

Branches:
Dungeon (3/15)

Shops:
D:2 [?


Innate Abilities, Weirdness & Mutations

You have an increased reservoir of magic. (+10% MP)
You shall have no god before yourself.
Your divine heritage dramatically boosts your attributes as you level up.


Message History

Aim: a kobold, wielding a +0 short sword (100% to hit)
The magic dart hits the kobold.
The kobold is moderately wounded.
Casting: Magic Dart (safe; 1% risk of failure)
Confirm with . or Enter, or press ? or * to list all spells.
Aiming: Magic Dart (safe; 1% risk of failure)
Press: ? - help, Shift-Dir - straight line, f/p - kobold
Aim: a kobold, wielding a +0 short sword (moderately wounded, 100% to hit)
The magic dart hits the kobold.
You kill the kobold!
Press: ? - help, v - describe, . - travel
Here: a kobold brigand, wielding a +0 short sword of speed and quivering curare-tipped darts The floor.
Unknown command.
There is an escape hatch in the ceiling here.
The kobold brigand throws a curare-tipped dart.
The curare-tipped dart hits you.
You are poisoned.
You have difficulty breathing.
You feel yourself slow down.
You feel sick.
The kobold brigand throws a curare-tipped dart.
The curare-tipped dart hits you.
You are more poisoned.
You have difficulty breathing.
You feel as though you will be slow longer.
A mysterious force pulls you upwards. The hatch slams shut behind you.
* * * LOW HITPOINT WARNING * * *
You feel extremely sick.
Okay, then.
As you read the scroll of identify, it crumbles to dust.
j - 2 potions of cancellation
* * * LOW HITPOINT WARNING * * *
You feel very sick.
As you read the scroll of identify, it crumbles to dust.
d - a potion of resistance
* * * LOW HITPOINT WARNING * * *
You feel very sick.
It was a potion of attraction.
You feel attractive to monsters.
You die...

####......#......................
#.......#.......##.....###.....
#.#.#...............##.# #.....
###.#.............#.#.##.########
#...####.#..........#.......# ##
#)### ##.......>..).........# ##>
#.#####..##..)....#.##......###..
.....##.###..........##..........
.....##.# #.....@....##..........
.....##.# ###..##..............#.
.....##.# #.###..............#.
.....#.[#####.######.#.#..##.#...
.......###....<# #.........##..
......## #.....#####.......####[#
####.## #........[..........<#.#
###..#####...............#......#
....#...##.................#.....


There were no monsters in sight!

Vanquished Creatures
  A howler monkey (D:3)
  A worm (D:1)
  A dart slug (D:1)
  An orc (D:3)
  4 bats
  7 endoplasms (D:2)
  3 giant cockroaches
  2 hobgoblins (D:2)
  3 jackals (D:1)
  A quokka (D:1)
  3 ball pythons
  4 frilled lizards
  5 goblins
  5 kobolds (D:3)
  4 rats
45 creatures vanquished.

Notes
Turn   | Place    | Note
-------+----------+-------------------------------------------
     0 | D:1      | 4FPSwarrior the Demigod Conjurer began the quest for the
                  | Orb.
     0 | D:1      | Reached XP level 1. HP: 14/14 MP: 5/5
   596 | D:1      | Reached XP level 2. HP: 22/22 MP: 1/7
   801 | D:2      | Reached skill level 4 in Conjurations
   966 | D:2      | Found Doaveum's Magic Scroll Boutique.
  1792 | D:2      | Reached skill level 1 in Fighting
  1825 | D:2      | Bought a scroll of identify for 26 gold pieces
  1981 | D:2      | Reached XP level 3. HP: 28/28 MP: 2/8
  1984 | D:2      | Learned a level 2 spell: Searing Ray
  2107 | D:2      | Found Susawu's Armour Emporium.
  2503 | D:3      | Reached XP level 4. HP: 35/35 MP: 4/10
  2561 | D:3      | Noticed an ogre
  2663 | D:3      | Noticed a kobold brigand
  2950 | D:2      | HP: 1/35 [poisoned by a kobold brigand (curare-tipped
                  | dart)]
  2951 | D:2      | Succumbed to a kobold brigand's curare-tipped dart

Illustrated notes

Levels and vault maps discovered:
D:1:      roderic_octagonal_star, layout_basic,
          dreamdust_ecumenical_altar_angels_and_demons, minmay_misc_feat_square,
          serial_bayou_crossing
D:2:      layout_rooms, serial_shops, shop, shop
D:3:      layout_basic, lemuel_crystal_altar, tgw_sif

Skill      XL: |  1  2 |
---------------+-------+-----
Spellcasting   | 2 |  2.4
Conjurations   | 4 |  4.5
Fighting       | 1 |  1.5
Dodging        | |  1.7
Stealth        | |  1.7

Action                   |  1- 3 |  4- 6 || total
-------------------------+-------+-------++-------
 Cast: Magic Dart        |    98 |    14 ||   112
  Use: Scroll            |       |     2 ||     2
       Potion            |       |     1 ||     1
Dodge: Dodged            |     3 |       ||     3
